 Dungeon Crawl Stone Soup version 0.26-a0-466-g989023bd0d (webtiles) character file.

Game seed: 6983373889360318299

55462 1player the Tainter (level 14, -20/74 HPs)
             Began as a Spriggan Venom Mage on Aug 14, 2020.
             Was a High Priest of Dithmenos.
             Killed from afar by Azrael (37 damage)
             ... with damnation
             ... on level 12 of the Dungeon.
             The game lasted 01:48:37 (35230 turns).

1player the Tainter (Spriggan Venom Mage)          Turns: 35230, Time: 01:48:38

Health: -20/74     AC: 12    Str:  4    XL:     14   Next: 38%
Magic:  13/13      EV: 24    Int: 21    God:    Dithmenos [*****.]
Gold:   1176       SH:  0    Dex: 21    Spells: 18/35 levels left

rFire    + . .     SeeInvis +   a - +10 short sword "Naown" {antimagic, Int+4}
rCold    + . .     Faith    .   (shield restricted)
rNeg     . . .     Spirit   .   V - +0 acid dragon scales
rPois    +         Reflect  .   n - +1 hat
rElec    +         Harm     .   I - +0 cloak
rCorr    +                      (gloves unavailable)
MR       ++...                  (boots unavailable)
Stlth    +++++.....             e - amulet of regeneration
HPRegen  0.62/turn              C - ring of magical power
MPRegen  0.13/turn              J - +4 ring of protection

@: resistant, wreathed by umbra, very quick
A: very small, unfitting armour, see invisible, speed 3
a: Shadow Step, Shadow Form, Renounce Religion


You were on level 12 of the Dungeon.
You worshipped Dithmenos.
Dithmenos was extremely pleased with you.
You visited 3 branches of the dungeon, and saw 19 of its levels.

You collected 1176 gold pieces.

Inventory:

Hand Weapons
 a - the +10 short sword "Naown" (weapon) {antimagic, Int+4}
   (You found it on level 9 of the Dungeon)

   It reduces the magical energy of the wielder, and disrupts the spells and
   magical abilities of those hit.
   Natural abilities and divine invocations are not affected.
   It affects your intelligence (+4).
 b - the +1 dagger of Putrescence {protect, rElec rPois rC+ Str+2}
   (You found it on level 12 of the Dungeon)

   It grants its wielder temporary protection when it strikes (+7 to AC).
   It affects your strength (+2).
   It protects you from cold.
   It insulates you from electricity.
   It protects you from poison.
Missiles
 U - 4 throwing nets (quivered)
Armour
 n - a +1 hat (worn)
 I - a +0 cloak (worn)
 V - +0 acid dragon scales (worn)
Jewellery
 e - an amulet of regeneration (around neck)
 v - an uncursed ring of protection from cold
 C - a ring of magical power (left hand)
 J - a +4 ring of protection (right hand)
 N - an uncursed ring of stealth
 O - an uncursed ring of protection from magic
 Y - an uncursed ring of protection from fire
Wands
 r - a wand of paralysis (22)
 P - a wand of flame (8)
 Q - a wand of enslavement (8)
 S - a wand of polymorph (5)
 T - a wand of iceblast (13)
 Z - a wand of digging (9)
Scrolls
 f - 3 scrolls of amnesia
 h - 11 scrolls of remove curse {@r2}
 B - 2 scrolls of magic mapping
 E - 5 scrolls of teleportation
 K - a scroll of enchant armour
 L - a scroll of identify {@r1}
 R - 3 scrolls of enchant weapon
Potions
 c - a potion of resistance
 k - 5 potions of curing {@q1}
 o - a potion of magic {unknown}
 p - 5 potions of mutation {!q}
 q - a potion of haste
 s - 8 potions of flight
 u - 3 potions of brilliance
 x - a potion of lignification
 z - a potion of might
 F - 2 potions of invisibility
 M - a potion of experience {unknown}
 W - a potion of ambrosia {unknown}
Miscellaneous
 y - a phial of floods (inert)


   Skills:
 - Level 8.5 Fighting
 + Level 11.9 Short Blades
 - Level 11.8 Dodging
 - Level 6.0 Stealth
 - Level 11.0 Spellcasting
 - Level 4.0 Hexes
 - Level 6.0 Transmutations
 - Level 3.0 Air Magic
 - Level 12.1 Poison Magic
 - Level 10.0 Invocations


You had 18 spell levels left.
You knew the following spells:

 Your Spells              Type           Power        Failure   Level
a - Mephitic Cloud        Conj/Pois/Air  ####....     5%          3
c - Wereblood             Tmut           #####...     1%          2
d - Slow                  Hex            ####....     4%          2
q - Sting                 Tmut/Pois      ####         1%          1
s - Olgreb's Toxic Radia  Pois           ######..     1%          4
x - Ignite Poison         Fire/Tmut/Pois #####...     3%          3
z - Poisonous Vapours     Pois/Air       #####.       1%          2

Your spell library contained the following spells:

 Spells                   Type           Power        Failure   Level
 Beastly Appendage        Tmut           #####.       1%          1
 Spider Form              Tmut/Pois      #####.....   1%          3
 Passwall                 Tmut/Erth      ###.....     6%          2
 Foxfire                  Conj/Fire      ##..         14%         1
 Freeze                   Ice            ##..         14%         1
 Magic Dart               Conj           ##..         14%         1
 Sandblast                Erth           ##....       14%         1
 Blink                    Tloc           N/A          22%         2
 Call Imp                 Summ           ##......     22%         2
 Cause Fear               Hex            ####......   26%         4
 Blade Hands              Tmut           #####.....   32%         5
 Conjure Flame            Conj/Fire      ##......     38%         3
 Frozen Ramparts          Ice            ##....       38%         3
 Ozocubu's Armour         Ice            ##......     38%         3
 Stone Arrow              Conj/Erth      ##....       38%         3
 Ice Form                 Ice/Tmut       ###.....     38%         4
 Petrify                  Tmut/Erth      ###.....     38%         4
 Hailstorm                Conj/Ice       ##......     80%         4
 Summon Ice Beast         Ice/Summ       ##......     80%         4
 Lee's Rapid Deconstruct  Erth           ##........   98%         5
 Dragon Form              Tmut           #####.....   100%        7
 Dragon's Call            Summ           ##........   100%        9


Dungeon Overview and Level Annotations

Branches:
Dungeon (12/15)            Temple (1/1) D:5            Lair (6/6) D:10
  Swamp (0/4) Lair:2       Spider (0/4) Lair:2        Slime (0/5) Lair:5
    Orc (0/2) D:10

Altars:
Ashenzari
Cheibriados
Dithmenos
Elyvilon
Fedhas
Gozag
Hepliaklqana
Kikubaaqudgha
Makhleb
Nemelex Xobeh
Okawaru
Qazlal
Ru
Sif Muna
Trog
Uskayaw
Vehumet
Wu Jian
Xom
Yredelemnul
Zin
The Shining One
Beogh
Jiyva

Shops:
D:5 }   D:6 }   D:7 =

Annotations:
D:11 exclusion: obsidian statue
D:12 Azrael


Innate Abilities, Weirdness & Mutations

You are very small and have problems with some larger weapons.
You are too small for most types of armour.
You have supernaturally acute eyesight. (SInv)
You cover ground extremely quickly.


Message History

Azrael is moderately wounded.
Your shadow hits Azrael with a short sword.
Evoke which item? (* to show all) (? for menu, Esc to quit)
Aiming: Phantom Mirror
Press: ? - help, Dir - move target cursor, f - Azrael
Aim: Azrael, wielding a +0 scimitar of flaming (moderately wounded, umbra)
You reflect Azrael with the mirror, and the mirror shatters!
Azrael hits Azrael with a +0 scimitar of flaming.
Azrael hits you with a +0 scimitar of flaming!
Azrael burns you.
* * * LOW HITPOINT WARNING * * *
Your acid dragon scales prevents you from hitting Azrael.
Azrael is moderately wounded.
You puncture Azrael!
Azrael's magic leaks into the air.
Azrael is heavily wounded.
Your shadow hits Azrael but does no damage.
Azrael gestures at you.
The sphere of damnation explodes!
The damnation engulfs you!!!
Ouch! That really hurt!
You die...

# #..#...##
##(.....##.## #
#..#.##.###.#####.##..#
. .....##..#E## #.##.#
##..#### #°## ####.#..#
...####.#○# #.....#.#
......E°####.##.##.#
.####...○..#.#..##.#
...#####°#..#.##.# ###.
#○#@##.##.#
#.#####○#R##.##.#######
...°.°°°.R##.##.......#
#.####D#####.########.#
#. #.# ). #.# ##< #.#
#D #.# #. #######.#


You could see Azrael and the friendly Azrael (summoned, drained).

Vanquished Creatures
  Nessos (Lair:5)
  Harold (D:11)
  5 hydras
  5 catoblepae (Lair:6)
  3 two-headed ogres
  6 death yaks (Lair:6)
  Urug (Lair:3)
  A lindwurm (Lair:5)
  A necromancer (Lair:4)
  An orb spider (Lair:2)
  3 ugly things (D:11)
  2 manticores (Lair:6)
  4 elephants (Lair:6)
  Joseph (D:10)
  4 black mambas
  Psyche (D:11)
  11 cane toads
  5 rime drakes
  7 komodo dragons
  2 trolls
  2 polar bears
  6 hippogriffs
  16 blink frogs
  A slime creature (D:11)
  A meliai zombie (D:11)
  4 wyverns
  A shadow (D:12)
  3 fire elementals (D:12)
  47 yaks
  A basilisk (Lair:4)
  A steam dragon (D:7)
  An acid dragon (D:11)
  2 hell hounds (D:12)
  14 water moccasins
  17 porcupines
  2 elephant zombies (Lair:4)
  3 ice beasts
  2 sky beasts
  5 orc warriors
  A necrophage (D:9)
  3 black bears
  9 centaurs
  4 ogres
  3 phantoms
  12 wolves
  18 crocodiles
  2 big kobolds (D:11)
  3 wyvern zombies
  27 bullfrogs
  2 scorpions (D:10)
  17 killer bees
  A howler monkey (D:5)
  21 wights
  2 electric eels (Lair:6)
  2 centaur zombies
  6 hounds
  2 quasits
  17 orc priests
  A gnoll shaman (D:8)
  2 jellies
  A bullfrog skeleton (D:4)
  3 iguanas
  17 orc wizards
  5 worker ants
  6 hell rats
  A killer bee zombie (D:8)
  A crocodile zombie (Lair:4)
  2 hound zombies
  3 worker ant zombies
  5 gnolls (D:8)
  11 adders
  2 howler monkey skeletons
  8 river rats (Lair:4)
  A shadow imp (D:6)
  6 white imps
  An ufetubus (D:7)
  An adder skeleton (D:8)
  A worm (D:2)
  2 dart slugs
  5 leopard geckos
  81 orcs
  2 ball pythons
  2 giant cockroaches
  5 goblins
  2 hobgoblins
  9 jackals
  5 quokkas
  11 bats
  3 frilled lizards
  21 kobolds
  A leopard gecko zombie (D:6)
  2 quokka zombies
  9 rats
  A butterfly (Lair:6)
585 creatures vanquished.

Vanquished Creatures (collateral kills)
  A hydra (Lair:2)
1 creature vanquished.

Vanquished Creatures (others)
  28 fungi
  14 plants (Lair:6)
  14 toadstools (D:1)
56 creatures vanquished.

Grand Total: 642 creatures vanquished

Notes
Turn   | Place    | Note
-------+----------+-------------------------------------------
     0 | D:1      | 1player the Spriggan Venom Mage began the quest for the
                  | Orb.
     0 | D:1      | Reached XP level 1. HP: 9/9 MP: 5/5
   523 | D:1      | Reached skill level 1 in Fighting
   707 | D:1      | Reached XP level 2. HP: 14/14 MP: 3/6
  1085 | D:1      | Learned a level 2 spell: Poisonous Vapours
  1153 | D:2      | Found a bloodstained altar of Trog.
  1384 | D:2      | Reached XP level 3. HP: 18/18 MP: 5/8
  1766 | D:2      | Reached skill level 1 in Air Magic
  2689 | D:3      | Found a snail-covered altar of Cheibriados.
  2738 | D:3      | Reached XP level 4. HP: 23/23 MP: 5/9
  3262 | D:3      | Reached XP level 5. HP: 26/26 MP: 8/10
  3518 | D:3      | Found a stormy altar of Qazlal.
  4187 | D:4      | Identified the +4 ring mail "Ydyzidgh" {Int+4 Dex-4}
  4361 | D:4      | Noticed an ogre
  4377 | D:4      | Killed an ogre
  4377 | D:4      | Reached skill level 4 in Poison Magic
  4377 | D:4      | Reached XP level 6. HP: 32/32 MP: 2/11
  4564 | D:4      | Reached skill level 5 in Stealth
  5164 | D:4      | Found an iron altar of Okawaru.
  5166 | D:4      | Found an ornate altar of the Wu Jian Council.
  5167 | D:4      | Found a glowing silver altar of Zin.
  5167 | D:4      | Found a glowing golden altar of the Shining One.
  5168 | D:4      | Found a radiant altar of Vehumet.
  5203 | D:4      | Reached XP level 7. HP: 35/35 MP: 0/12
  6038 | D:5      | Entered Level 5 of the Dungeon
  6238 | D:5      | Found Cecw's Gadget Shoppe.
  6256 | D:5      | Learned a level 3 spell: Ignite Poison
  6260 | D:5      | Learned a level 3 spell: Mephitic Cloud
  6516 | D:5      | Found an opulent altar of Gozag.
  6517 | D:5      | Found a blossoming altar of Fedhas.
  6536 | D:5      | Reached skill level 5 in Transmutations
  6656 | D:5      | Found a staircase to the Ecumenical Temple.
  6670 | Temple   | Entered the Ecumenical Temple
  6996 | Temple   | Became a worshipper of Dithmenos the Shadowed
  7020 | D:5      | Reached skill level 5 in Poison Magic
  8759 | D:5      | Reached skill level 6 in Poison Magic
  8759 | D:5      | Reached XP level 8. HP: 30/40 MP: 7/13
  9692 | D:6      | Found Xociupt's Gadget Boutique.
  9708 | D:6      | Reached * piety under Dithmenos
  9792 | D:6      | Reached skill level 7 in Poison Magic
 10215 | D:6      | Found a shattered altar of Ashenzari.
 10227 | D:6      | Found an ancient bone altar of Kikubaaqudgha.
 10237 | D:6      | Found a shimmering altar of Xom.
 10240 | D:6      | Found a basalt altar of Yredelemnul.
 10774 | D:7      | Reached skill level 8 in Poison Magic
 11576 | D:7      | Reached skill level 5 in Fighting
 11576 | D:7      | Reached XP level 9. HP: 29/47 MP: 14/14
 12361 | D:7      | Reached skill level 5 in Dodging
 13382 | D:7      | Found Tesuir's Jewellery Shoppe.
 13785 | D:8      | Reached ** piety under Dithmenos
 13785 | D:8      | Reached skill level 9 in Poison Magic
 14497 | D:7      | Learned a level 4 spell: Olgreb's Toxic Radiance
 14502 | D:8      | Reached skill level 10 in Poison Magic
 15295 | D:8      | Reached XP level 10. HP: 51/51 MP: 15/15
 16079 | D:9      | Reached *** piety under Dithmenos
 16084 | D:9      | Got a brightly glowing short sword
 16089 | D:9      | Identified the +10 short sword "Naown" {antimagic, Int+4}
                  | (You found it on level 9 of the Dungeon)
 16485 | D:9      | Reached skill level 1 in Short Blades
 16946 | D:9      | Found a burning altar of Makhleb.
 17352 | D:10     | Entered Level 10 of the Dungeon
 17356 | D:10     | Noticed Joseph
 17458 | D:9      | Reached skill level 5 in Short Blades
 17755 | D:10     | Found a staircase to the Orcish Mines.
 17802 | D:10     | Reached skill level 5 in Spellcasting
 18127 | D:10     | Found a roughly hewn altar of Beogh.
 18130 | D:10     | Reached **** piety under Dithmenos
 18214 | D:10     | Found a staircase to the Lair.
 18855 | D:10     | Noticed a two-headed ogre
 18895 | D:10     | Killed a two-headed ogre
 18895 | D:10     | Reached skill level 1 in Invocations
 18895 | D:10     | Reached XP level 11. HP: 55/55 MP: 3/24
 19061 | D:10     | Killed Joseph
 19061 | D:10     | Reached skill level 11 in Poison Magic
 19131 | D:10     | Noticed a two-headed ogre
 19168 | D:10     | Killed a two-headed ogre
 19509 | Lair:1   | Entered Level 1 of the Lair of Beasts
 19775 | Lair:1   | Got a twisted quarterstaff
 20085 | Lair:1   | Reached skill level 10 in Dodging
 20767 | Lair:2   | Noticed a six-headed hydra
 20773 | Lair:2   | Killed a six-headed hydra
 20797 | Lair:2   | Found a staircase to the Swamp.
 20809 | Lair:2   | Reached skill level 5 in Invocations
 21152 | Lair:2   | Reached skill level 12 in Poison Magic
 21267 | Lair:2   | Noticed an eight-headed hydra
 21268 | Lair:2   | Identified the +7 quarterstaff of Devotion {protect, rPois
                  | rC- MR+ Dex+2} (You found it on level 1 of the Lair of
                  | Beasts)
 21476 | Lair:2   | Killed an eight-headed hydra
 21633 | Lair:2   | Learned a level 2 spell: Slow
 21746 | Lair:2   | Found a hole to the Spider Nest.
 21746 | Lair:2   | Noticed an orb spider
 21807 | Lair:2   | Reached skill level 1 in Hexes
 21807 | Lair:2   | Reached XP level 12. HP: 60/60 MP: 7/25
 22581 | Lair:3   | Reached ***** piety under Dithmenos
 22744 | Lair:3   | Noticed Urug
 23630 | Lair:3   | Killed Urug
 24476 | Lair:4   | Learned a level 2 spell: Wereblood
 24760 | Lair:4   | Noticed a seven-headed hydra
 24785 | Lair:4   | Killed a seven-headed hydra
 25696 | Lair:4   | Got an ominously black robe
 25873 | Lair:4   | Identified the +2 robe of Gejuseimm {rN++} (You found it on
                  | level 4 of the Lair of Beasts)
 25907 | Lair:4   | Found a burning altar of Makhleb.
 26199 | Lair:5   | Noticed Nessos
 26250 | Lair:5   | Killed Nessos
 26399 | Lair:5   | Found a viscous altar of Jiyva.
 26492 | Lair:5   | Found a staircase to the Slime Pits.
 26717 | Lair:4   | Reached XP level 13. HP: 31/68 MP: 11/26
 27147 | Lair:6   | Entered Level 6 of the Lair of Beasts
 27149 | Lair:6   | Reached skill level 10 in Short Blades
 27951 | Lair:6   | HP: 2/68 [catoblepas/blast of calcifying dust (8)]
 29455 | Lair:6   | Reached skill level 10 in Invocations
 31760 | Lair:6   | Reached skill level 10 in Spellcasting
 32050 | Lair:6   | Reached XP level 14. HP: 44/74 MP: 4/29
 33809 | D:11     | Noticed Harold
 33822 | D:11     | Killed Harold
 34050 | D:11     | Noticed Psyche
 34052 | D:11     | Killed Psyche
 34214 | D:11     | Learned a level 3 spell: Mephitic Cloud
 34225 | D:11     | Identified the +0 plate armour "Nurrax" {-Cast rPois
                  | Stlth+}
 34737 | D:12     | Got a fine dagger
 34738 | D:12     | Identified the cursed +1 dagger of Putrescence {protect,
                  | rElec rPois rC+ Str+2} (You found it on level 12 of the
                  | Dungeon)
 34863 | D:12     | Noticed Azrael
 35230 | D:12     | Killed from afar by Azrael

Illustrated notes

Levels and vault maps discovered:
D:1:      nagdon_arrival_zigzag_paths, layout_basic, minmay_tromino_v4_b
D:2:      layout_basic, overflow_temple_1_default
D:3:      minmay_door_path, layout_loops_ring, nicolae_qazlal_eye_of_the_storm,
          kennysheep_slug_shrine
D:4:      layout_cave_pools, grunt_temple_overflow_open
D:5:      layout_cave_pods, nicolae_gozag_seed_capital,
          minmay_temple_entry_stoned_glass, serial_shops, shop, basic_altar,
          minmay_door_square
D:6:      layout_rooms, grunt_temple_overflow_cloverleaf, serial_shops,
          kennysheep_mini
D:7:      layout_basic, serial_shops, shop, serial_glass, glass_columns_c,
          glass_columns_b, glass_columns_b, glass_columns_a, glass_columns_a
D:8:      layout_loops_corners
D:9:      layout_gridville, makhleb_heckhound_becter
D:10:     layout_long_grid, due_lair_maze_entry_diamond,
          minmay_orc_entry_temple_small, uniq_joseph
D:11:     layout_cave_pods, minmay_protected_statue, uniq_psyche, uniq_harold
D:12:     layout_loops_ring, uniq_azrael
Temple:   nicolae_temple_figure_zero
Lair:1:   layout_long_grid
Lair:2:   layout_gridlike, swamp_mist_pool, nicolae_spider_entry_orb_guardian,
          grunt_megastairs_1
Lair:3:   layout_regular_city, grunt_forest_small_clearings,
          chequers_serial_rivers_small_a, grunt_megastairs_2,
          infiniplex_staircase_pool_2, uniq_urug
Lair:4:   pond_and_an_island_with_a_cottage, layout_small_grid, basic_altar,
          minivault_27, kennysheep_rathole
Lair:5:   layout_gridlike, slime_altar_1, grunt_megastairs_5, uniq_nessos
Lair:6:   evilmike_catoblepas_cave, layout_regular_city, serial_bayou_shore_a,
          lemuel_fruit_fields

Skill      XL: |  1  2  3  4  5  6  7  8  9 10 11 12 13 14 |
---------------+-------------------------------------------+-----
Fighting       | 1 2 3 5 8 |  8.5
Air Magic      | 2 3 |  3.0
Stealth        | 4 5 6 |  6.0
Transmutations | 3 4 6 |  6.0
Poison Magic   | 4 6 8 10 12 | 12.1
Dodging        | 4 7 8 11 | 11.8
Short Blades   | 5 9 10 11 | 11.9
Spellcasting   | 8 10 11 | 11.0
Invocations    | 1 6 10 | 10.0
Hexes          | 1 4 |  4.0

Action                   |  1- 3 |  4- 6 |  7- 9 | 10-12 | 13-15 || total
-------------------------+-------+-------+-------+-------+-------++-------
Melee: Short sword       |    10 |    24 |    45 |   477 |   599 ||  1155
       Dagger            |       |       |   164 |    50 |       ||   214
 Fire: Shortbow          |       |       |    98 |    40 |       ||   138
Throw: Throwing net      |       |       |     3 |     2 |       ||     5
 Cast: Sting             |    81 |    94 |   149 |   227 |    87 ||   638
       Poisonous Vapours |       |    15 |   140 |    76 |    62 ||   293
       Ignite Poison     |       |       |     7 |    13 |    25 ||    45
       Olgreb's Toxic Ra |       |       |     3 |    18 |    27 ||    48
       Mephitic Cloud    |       |       |     1 |     3 |     2 ||     6
       Wereblood         |       |       |       |     5 |     4 ||     9
       Slow              |       |       |       |     4 |     4 ||     8
Invok: Shadow Step       |       |       |       |     3 |     7 ||    10
Evoke: Wand              |       |       |    14 |       |     4 ||    18
       Phial of floods   |       |       |       |       |     1 ||     1
       Phantom mirror    |       |       |       |       |     1 ||     1
  Use: Scroll            |     1 |     2 |     8 |    14 |     5 ||    30
       Potion            |       |       |     3 |     1 |     6 ||    10
 Stab: Sleeping          |     1 |     1 |     7 |    26 |    20 ||    55
       Held in net/web   |       |       |     2 |     1 |       ||     3
       Paralysed         |       |       |     2 |       |       ||     2
       Distracted        |       |       |       |     1 |     1 ||     2
       Petrified         |       |       |       |       |     3 ||     3
Armor: Robe              |     3 |     9 |    31 |    17 |       ||    60
       Troll leather arm |       |       |       |    63 |    45 ||   108
       Acid dragon scale |       |       |       |       |    22 ||    22
Dodge: Dodged            |    52 |    41 |   303 |   648 |   616 ||  1660

Table legend: (Time is in decaauts)
 A = Elapsed time spent in this place.
 B = Non-inter-level travel time spent in this place.
 C = Inter-level travel time spent in this place.
 D = Time resting spent in this place.
 E = Time spent auto-exploring this place.
 F = Levels seen in this place.
 G = Mean time per level.
                   A        B        C        D        E       F      G
               +--------+--------+--------+--------+--------+-----+--------+
         Total |  27689 |  26660 |   1029 |  11399 |   8030 |  19 | 1457.3 |
       Dungeon |  17075 |  16346 |    729 |   6889 |   4749 |  12 | 1422.9 |
        Temple |    289 |    280 |      9 |    206 |     64 |   1 |  289.0 |
          Lair |  10324 |  10034 |    290 |   4303 |   3217 |   6 | 1720.7 |
               +--------+--------+--------+--------+--------+-----+--------+

Top non-repeatable levels by time:
  Lair:6: 3758 daAuts
     D:5: 2623 daAuts
     D:7: 1965 daAuts
     D:3: 1722 daAuts
  Lair:4: 1628 daAuts
    D:11: 1541 daAuts
    D:10: 1527 daAuts
     D:9: 1511 daAuts
  Lair:2: 1502 daAuts
     D:8: 1495 daAuts
     D:4: 1419 daAuts
     D:6: 1254 daAuts
  Lair:3: 1245 daAuts
  Lair:5: 1240 daAuts
  Lair:1: 949 daAuts
